AoeStats
← Simon Stokvis

Fortress

508881763Analyzed
4v4 RM · 7d ago on Sep 24, 2026· 34m 30s· 8 players
Game mode
Random Map
Map size
Huge
Population
200
Speed
Normal
Resources
Standard
Victory
Conquest
Starting age
Dark Age
Ending age
Imperial Age
RankedLock teamsTeams togetherTeam positionsShared explorationLock speedFull tech treeHidden civsTurbo modeCheats
Victory
Defeat
🇪🇸 Slavs · Spain
1577
+16
🇳🇱 Italians · Netherlands
1573
+16
🇭🇰 Khmer · Hong Kong SAR China
1564
+17
🇹🇷 Britons · Türkiye
1540
+18
🇦🇷 Saracens · Argentina
1687
-22
🇨🇳 Poles · China
1651
-20
🇦🇷 Malay · Argentina
1492
-13
🇺🇸 Varangians · United States
1470
-12
Simon Stokvis
7:26 Feudal Age
11:12 Castle Age
9:14 Horse Collar
9:35 Double-Bit Axe
12:50 Bow Saw
14:11 Loom
18:15 Ballistics
22:00 Fletching
25:53 Imperial Age
24:13 Bodkin Arrow
24:19 Padded Archer Armor
24:24 Town Watch
27:33 Chemistry
26:36 Bracer
27:06 Leather Archer Armor
29:05 Pirotechnia
28:19 Elite Genoese Crossbowman
32:13 Ring Archer Armor
Lypophrenia
7:36 Feudal Age
12:13 Castle Age
10:20 Horse Collar
10:32 Double-Bit Axe
13:21 Bow Saw
13:12 Heavy Plow
15:25 Loom
18:37 Wheelbarrow
17:48 Loom
19:03 Loom
19:04 Town Watch
19:46 Gold Mining
24:24 Imperial Age
23:46 Ballistics
23:27 Fletching
23:46 Stone Mining
24:16 Bodkin Arrow
24:23 Padded Archer Armor
24:28 Town Watch
25:08 Bracer
25:24 Leather Archer Armor
25:15 Squires
25:41 Conscription
26:41 Hand Cart
27:35 Ring Archer Armor
29:20 Yeomen
28:22 Elite Longbowman
30:35 Siege Engineers
34:29 Chemistry
jdac
6:50 Feudal Age
10:41 Castle Age
8:53 Double-Bit Axe
9:18 Horse Collar
12:07 Bow Saw
13:04 Loom
15:39 Wheelbarrow
17:32 Loom
18:43 Heavy Plow
19:42 Hand Cart
23:02 Imperial Age
20:42 Gold Mining
21:14 Stone Mining
22:10 Detinets
23:15 Scale Mail Armor
23:22 Scale Barding Armor
23:28 Forging
23:30 Bloodlines
23:20 Husbandry
25:09 Two-Man Saw
25:35 Town Watch
27:46 Chain Barding Armor
28:48 Conscription
29:57 Plate Barding Armor
30:28 Iron Casting
30:31 Elite Boyar
32:59 Blast Furnace
34:18 Fletching
35:18 Gold Shaft Mining
35:15 Crop Rotation
_
7:26 Feudal Age
10:17 Castle Age
8:24 Double-Bit Axe
8:56 Horse Collar
11:38 Bow Saw
15:46 Loom
18:04 Wheelbarrow
18:18 Wheelbarrow
19:45 Heavy Plow
19:37 Gold Mining
24:54 Imperial Age
23:26 Hand Cart
23:05 Stone Mining
25:01 Gold Shaft Mining
24:51 Bloodlines
24:42 Husbandry
25:27 Tusk Swords
25:59 Scale Barding Armor
26:07 Forging
27:16 Chain Barding Armor
27:34 Iron Casting
27:25 Conscription
28:33 Plate Barding Armor
28:11 Elite Battle Elephant
29:58 Blast Furnace
28:51 Fletching
29:16 Elite Skirmisher
30:48 Ballistics
30:36 Siege Engineers
31:31 Chemistry
33:34 Bodkin Arrow
33:53 Masonry
trollano
7:27 Feudal Age
11:18 Castle Age
9:47 Double-Bit Axe
9:44 Horse Collar
20:23 Gold Mining
26:52 Imperial Age
24:50 Stone Mining
25:45 Forging
26:03 Scale Barding Armor
26:25 Scale Mail Armor
26:33 Husbandry
26:44 Bloodlines
27:10 Iron Casting
27:10 Ballistics
27:54 Chain Barding Armor
27:46 Elite Varangian Guard
28:50 Conscription
30:07 Chain Mail Armor
30:46 Squires
31:53 Plate Barding Armor
31:15 Loom
33:09 Chemistry
SAVIOR
7:04 Feudal Age
7:29 Loom
11:12 Castle Age
9:30 Double-Bit Axe
9:51 Horse Collar
14:03 Loom
14:54 Wheelbarrow
17:42 Bow Saw
17:55 Heavy Plow
20:11 Hand Cart
24:24 Imperial Age
21:47 Gold Mining
21:48 Stone Mining
22:20 Scale Barding Armor
22:26 Forging
22:26 Town Watch
22:35 Fletching
22:45 Padded Archer Armor
23:21 Szlachta Privileges
23:46 Husbandry
23:56 Bloodlines
24:08 Chain Barding Armor
23:48 Light Cavalry
25:05 Iron Casting
24:26 Bodkin Arrow
25:31 Lechitic Legacy
25:34 Conscription
27:00 Crop Rotation
25:57 Winged Hussar
26:31 Capped Ram
27:49 Ballistics
27:58 Onager
28:51 Caravan
30:30 Chemistry
30:55 Coinage
Kupuka
8:12 Feudal Age
11:50 Castle Age
10:09 Double-Bit Axe
10:27 Horse Collar
12:03 Bow Saw
13:55 Heavy Plow
14:06 Heavy Plow
22:32 Imperial Age
20:09 Loom
21:03 Wheelbarrow
21:27 Forging
21:15 Pikeman
21:56 Squires
21:41 Arson
23:07 Chemistry
22:51 Ballistics
23:22 Siege Engineers
25:06 Fletching
25:17 Padded Archer Armor
25:46 Ballistics
25:30 Elite Skirmisher
26:13 Bodkin Arrow
26:54 Leather Archer Armor
27:07 Bracer
28:25 Conscription
29:26 Hand Cart
31:30 Scale Barding Armor
32:00 Iron Casting
FutureEwe5582
7:09 Feudal Age
10:51 Castle Age
8:52 Horse Collar
12:09 Wheelbarrow
11:24 Double-Bit Axe
21:43 Loom
25:21 Imperial Age
24:00 Hand Cart
23:31 Town Watch
23:52 Scale Barding Armor
24:24 Forging
25:26 Bloodlines
25:47 Chain Barding Armor
25:48 Heavy Plow
25:58 Elite Mameluke
27:26 Conscription
27:13 Husbandry
26:34 Light Cavalry
27:37 Hussar
28:54 Iron Casting
30:19 Plate Barding Armor
30:01 Fletching
32:04 Blast Furnace
Connection lost

Rejoining the realm…

Still unreachable

The connection could not be restored.

Session expired

The server has moved on; the page needs a fresh start.